 Dungeon Crawl Stone Soup version 0.26-a0-104-gef3e9dd61f (webtiles) character file.

Game seed: 6288796651578395714

258 Pixllover the Chopper (level 5, -3/47 HPs)
             Began as a Minotaur Berserker on June 22, 2020.
             Was a Priest of Trog.
             Slain by a wight
             ... wielding a +0 spear
              (5 damage)
             ... on level 3 of the Dungeon.
             The game lasted 00:07:07 (2689 turns).

Pixllover the Chopper (Minotaur Berserker)          Turns: 2689, Time: 00:07:07

Health: -3/47      AC:  6    Str: 23    XL:     5   Next: 94%
Magic:  3/3        EV: 12    Int:  4    God:    Trog [***...]
Gold:   151        SH:  0    Dex: 15    Spells: 4/4 levels left

rFire    . . .     SeeInvis .   a - +1 hand axe
rCold    . . .     Gourm    .   (no shield)
rNeg     . . .     Faith    .   l - +1 ring mail
rPois    .         Spirit   .   (helmet unavailable)
rElec    .         Reflect  .   (no cloak)
rCorr    .         Harm     .   (no gloves)
MR       .....                  (no boots)
Stlth    +.........             (no amulet)
HPRegen  0.00/turn              b - ring of flight
MPRegen  0.08/turn              n - +6 ring of dexterity

@: brilliant, drained
A: retaliatory headbutt, hooves 1, horns 3, low mp 1, inhibited regeneration
a: Berserk, Trog's Hand, Renounce Religion, Evoke Flight


You were on level 3 of the Dungeon.
You worshipped Trog.
Trog was most pleased with you.
You were not hungry.

You visited 1 branch of the dungeon, and saw 3 of its levels.

You collected 151 gold pieces.

Inventory:

Hand Weapons
 a - a +1 hand axe (weapon)
Missiles
 f - 17 poisoned darts (quivered)
Armour
 l - a +1 ring mail (worn)
Jewellery
 b - a ring of flight (left hand)
 n - a +6 ring of dexterity (right hand)
 r - an uncursed amulet of magic regeneration {unknown}
Scrolls
 d - 4 scrolls of remove curse
 i - 2 scrolls of magic mapping {unknown}
 k - 4 scrolls of teleportation
 o - 2 scrolls of enchant armour
 p - 3 scrolls of fog
 s - a scroll of immolation {unknown}
Potions
 e - a potion of magic
 g - a potion of haste {unknown}
 j - a potion of stabbing {unknown}
 m - a potion of cancellation {unknown}
 q - 2 potions of curing
 t - a potion of degeneration {unknown}
 u - a potion of flight {unknown}
Comestibles
 c - 7 rations
 v - 6 chunks of flesh


   Skills:
 + Level 4.9(3.9) Fighting
 + Level 6.1(5.0) Axes
 + Level 3.3(2.3) Armour
 + Level 3.5(2.5) Dodging
 + Level 0.3(0.0) Stealth


You had 4 spell levels left.
You didn't know any spells.
Your spell library was empty.

Dungeon Overview and Level Annotations

Branches:
Dungeon (3/15)

Altars:


Innate Abilities, Weirdness & Mutations

You reflexively headbutt those who attack you in melee.
You have a pair of large horns on your head.
You have large cloven feet.
Your magical capacity is low. (-10% MP)
You do not regenerate when monsters are visible.


Message History

The wight hits you with a +3 war axe!
* * * LOW HITPOINT WARNING * * *
You feel drained.
* * * LOW HITPOINT WARNING * * *
Okay, then.
It was a potion of curing.
You feel better. The wight hits you but does no damage.
It was a potion of mutation.
You feel extremely strange.
Your feet thicken and deform.
Your regeneration stops near monsters.
You feel less energetic. The horns on your head grow some more.
The wight barely misses you. You furiously retaliate!
You headbutt the wight, but do no damage.
The wight hits you from afar with a +0 spear!
* * * LOW HITPOINT WARNING * * *
You feel drained.
* * * LOW HITPOINT WARNING * * *
It was a potion of brilliance.
You feel clever all of a sudden.
The wight hits you from afar with a +0 spear.
You die...

###................#.............
#............####................
#............# #................
#...########## ##......<.........
#...# #................. #...#
#######'#####........... #...###
........†............... #.....#
............##.......... #.....#
......z@....##.......... #.....#
............##...≈≈..... #.....#
.......z....##..≈≈≈...≈. #.....#
............# ≈≈≈≈≈≈≈ #...###
............# .≈≈≈≈≈≈ #...#
............# ##### ............#
............#


You could see 2 wights.

Vanquished Creatures
  An ice beast (D:3)
  A wight (D:3)
  4 adders
  7 worms
  2 dart slugs
  A leopard gecko (D:1)
  3 orcs
  2 giant cockroaches (D:2)
  5 goblins
  8 hobgoblins
  A quokka (D:3)
  2 ball pythons
  8 bats
  5 frilled lizards
  7 kobolds
  9 rats
66 creatures vanquished.

Notes
Turn   | Place    | Note
-------+----------+-------------------------------------------
     0 | D:1      | Pixllover the Minotaur Berserker began the quest for the
                  | Orb.
     0 | D:1      | Reached XP level 1. HP: 19/19 MP: 0/0
   308 | D:1      | Reached XP level 2. HP: 18/27 MP: 1/1
   648 | D:1      | Reached skill level 4 in Axes
   945 | D:2      | Reached ** piety under Trog
   946 | D:2      | Reached XP level 3. HP: 30/34 MP: 2/2
  1305 | D:2      | Reached XP level 4. HP: 41/41 MP: 3/3
  1714 | D:2      | Reached skill level 5 in Axes
  2099 | D:3      | Noticed an ice beast
  2114 | D:3      | Killed an ice beast
  2114 | D:3      | Reached XP level 5. HP: 4/47 MP: 4/4
  2557 | D:3      | Reached *** piety under Trog
  2680 | D:3      | Reached skill level 6 in Axes
  2686 | D:3      | HP: 2/47 [wight/+3 war axe (1)]
  2688 | D:3      | Gained mutation: You have large cloven feet. [potion of
                  | mutation]
  2688 | D:3      | Gained mutation: You do not regenerate when monsters are
                  | visible. [potion of mutation]
  2688 | D:3      | Gained mutation: Your magical capacity is low. (-10% MP)
                  | [potion of mutation]
  2688 | D:3      | Gained mutation: You have a pair of large horns on your
                  | head. [potion of mutation]
  2689 | D:3      | Slain by a wight

Illustrated notes

Levels and vault maps discovered:
D:1:      minmay_arrival_diagonal_passages, layout_loops_ring
D:2:      layout_basic, first_ration, minmay_hexomino_f4
D:3:      layout_basic, chequers_ecumenical_altar_island

Skill      XL: |  1  2  3  4  5 |
---------------+----------------+-----
Fighting       | 4 |  4.9
Axes           | 4 5 6 |  6.1
Dodging        | 3 |  3.5
Armour         | 3 |  3.3
Stealth        | |  0.3

Action                   |  1- 3 |  4- 6 || total
-------------------------+-------+-------++-------
Melee: Hand axe          |    80 |    68 ||   148
       Headbutt          |    15 |    11 ||    26
  Use: Scroll            |     1 |     5 ||     6
       Potion            |       |     3 ||     3
  Eat: Chunk             |     1 |     5 ||     6
Armor: Animal skin       |     8 |       ||     8
       Ring mail         |    11 |    26 ||    37
Dodge: Dodged            |    54 |    53 ||   107

Table legend:
 A = Non-vault XP
 B = Vault XP
 C = Vault XP percentage of total XP
 D = Non-vault monster count
 E = Vault monster count
 F = Vault count percentage of total count
                 A         B        C        D         E       F
            +---------+---------+-------+---------+---------+-------
      Total |     352 |      17 |   4.6 |      63 |       3 |   4.5
            +---------+---------+-------+---------+---------+-------
        D:1 |      31 |       0 |   0.0 |      19 |       0 |   0.0
        D:2 |      82 |      17 |  17.2 |      24 |       3 |  11.1
        D:3 |     239 |       0 |   0.0 |      20 |       0 |   0.0
            +---------+---------+-------+---------+---------+-------
